AoeStats
← IdliDosa

Arena

506481858Analyzed
4v4 RM · 18d ago on Sep 13, 2026· 49m 34s· 8 players
Game mode
Random Map
Map size
Large (8 player)
Population
200
Speed
Normal
Resources
Standard
Victory
Conquest
Starting age
Dark Age
Ending age
Imperial Age
RankedLock teamsTeams togetherTeam positionsShared explorationLock speedFull tech treeHidden civsTurbo modeCheats
Victory
Defeat
🇺🇸 Sicilians · United States
1261
+16
🇲🇽 Portuguese · Mexico
1246
+16
🇻🇳 Dravidians · Vietnam
1238
+16
🇮🇳 Byzantines · India
1198
+18
🇺🇸 Huns · United States
1283
-17
🇵🇪 Celts · Peru
1255
-17
🇺🇸 Italians · United States
1248
-17
🇧🇷 Khitans · Brazil
1206
-15
WatzTheDeal
2:29 Loom
9:53 Feudal Age
15:41 Double-Bit Axe
16:27 Fletching
21:59 Wheelbarrow
26:30 Castle Age
24:53 Scale Mail Armor
25:56 Forging
27:43 Arson
27:59 Squires
28:24 Chain Mail Armor
28:44 Iron Casting
30:49 Town Watch
32:24 Hand Cart
32:11 Town Patrol
33:25 Horse Collar
34:54 Crossbowman
38:25 Iron Casting
42:38 Imperial Age
40:04 Pikeman
42:50 Bodkin Arrow
42:55 Padded Archer Armor
43:18 Ballistics
43:47 Scale Barding Armor
46:18 Conscription
46:13 Bracer
46:28 Leather Archer Armor
45:56 Arbalester
Landshark
10:54 Feudal Age
14:51 Castle Age
13:33 Double-Bit Axe
23:55 Imperial Age
27:29 Loom
29:15 Chemistry
29:55 Wheelbarrow
30:40 Bombard Tower
31:14 Hand Cart
31:59 Arquebus
33:13 Fletching
33:28 Elite Organ Gun
34:55 Conscription
35:22 Bodkin Arrow
36:53 Bracer
37:45 Siege Engineers
38:46 Guilds
39:19 Padded Archer Armor
40:05 Treadmill Crane
40:47 Ballistics
42:28 Leather Archer Armor
42:14 Murder Holes
42:30 Masonry
44:11 Ring Archer Armor
IdliDosa
12:09 Feudal Age
17:08 Castle Age
15:15 Double-Bit Axe
15:12 Horse Collar
18:11 Bow Saw
18:03 Heavy Plow
21:30 Loom
28:26 Wheelbarrow
30:49 Imperial Age
28:44 Forging
28:39 Scale Barding Armor
28:52 Scale Barding Armor
28:57 Fletching
29:08 Padded Archer Armor
29:52 Hand Cart
30:03 Ballistics
30:31 Bodkin Arrow
29:58 Elite Skirmisher
31:35 Chain Barding Armor
31:51 Iron Casting
31:50 Leather Archer Armor
32:53 Chemistry
32:29 Bracer
33:04 Conscription
33:32 Ring Archer Armor
33:47 Thumb Ring
35:47 Plate Barding Armor
36:18 Iron Casting
35:29 Pikeman
36:09 Squires
36:11 Scale Mail Armor
36:05 Crossbowman
37:31 Murder Holes
39:53 Two-Man Saw
38:55 Arbalester
40:45 Crop Rotation
40:51 Chain Mail Armor
44:40 Plate Mail Armor
43:33 Halberdier
47:07 Treadmill Crane
48:30 Gold Mining
48:30 Stone Mining
kw3dsky
11:24 Feudal Age
11:56 Horse Collar
16:49 Castle Age
15:16 Stone Mining
15:35 Double-Bit Axe
18:07 Loom
28:02 Wheelbarrow
33:00 Hand Cart
38:45 Imperial Age
36:22 Fletching
36:33 Padded Archer Armor
37:17 Bow Saw
38:46 Bodkin Arrow
40:26 Chemistry
39:48 Ballistics
39:24 Gold Mining
40:38 Elite Elephant Archer
42:14 Leather Archer Armor
41:47 Elite Skirmisher
43:02 Bracer
44:02 Fortified Wall
46:21 Conscription
47:22 Ring Archer Armor
47:30 Medical Corps
APPM
10:22 Feudal Age
15:38 Castle Age
14:37 Fletching
15:15 Double-Bit Axe
16:18 Bodkin Arrow
18:02 Padded Archer Armor
20:03 Thumb Ring
30:45 Wheelbarrow
29:56 Loom
30:02 Stone Mining
33:28 Bow Saw
33:52 Hand Cart
34:48 Bloodlines
34:39 Husbandry
34:46 Gold Mining
38:22 Imperial Age
36:51 Ballistics
38:15 Scale Barding Armor
38:26 Leather Archer Armor
39:10 Bracer
38:59 Heavy Cavalry Archer
41:22 Conscription
42:56 Parthian Tactics
43:04 Marauders
43:24 Leather Archer Armor
43:30 Chain Barding Armor
43:14 Elite Tarkan
46:04 Plate Barding Armor
47:16 Forging
Amauta
9:21 Feudal Age
7:37 Loom
9:51 Double-Bit Axe
9:49 Horse Collar
16:18 Castle Age
14:26 Stone Mining
15:48 Gold Mining
18:08 Heavy Plow
24:09 Imperial Age
22:32 Bow Saw
22:16 Crossbowman
22:48 Fletching
23:00 Padded Archer Armor
24:54 Bodkin Arrow
27:56 Chemistry
27:36 Conscription
29:12 Thumb Ring
28:31 Arbalester
31:52 Wheelbarrow
31:39 Bracer
32:36 Ballistics
33:26 Thumb Ring
32:57 Elite Skirmisher
36:53 Leather Archer Armor
Scofiield
4:49 Loom
10:38 Feudal Age
14:39 Castle Age
12:42 Domestication
13:18 Double-Bit Axe
15:34 Bow Saw
16:01 Pastoralism
18:14 Wheelbarrow
25:15 Gold Mining
26:13 Stone Mining
28:54 Fletching
29:23 Padded Archer Armor
29:42 Bodkin Arrow
31:03 Leather Archer Armor
31:15 Ballistics
31:06 Masonry
33:29 Imperial Age
31:16 Hand Cart
30:47 Town Watch
30:52 Heavy Cavalry Archer
31:41 Thumb Ring
31:16 Pikeman
31:57 Squires
31:59 Scale Mail Armor
32:11 Forging
33:50 Chain Mail Armor
34:12 Iron Casting
34:41 Parthian Tactics
34:20 Bracer
34:52 Ring Archer Armor
35:24 Chemistry
37:34 Elite Steppe Lancer
38:21 Scale Barding Armor
38:23 Ordo Cavalry
38:41 Husbandry
40:01 Chain Barding Armor
41:32 Plate Barding Armor
42:57 Transhumance
43:28 Two-Man Saw
42:31 Town Patrol
ChichitaD'Jora
6:30 Loom
9:13 Feudal Age
10:20 Horse Collar
10:26 Double-Bit Axe
24:08 Scale Mail Armor
28:07 Castle Age
26:59 Gold Mining
28:10 Forging
28:22 Pikeman
Connection lost

Rejoining the realm…

Still unreachable

The connection could not be restored.

Session expired

The server has moved on; the page needs a fresh start.